 Dungeon Crawl Stone Soup version 0.29-a0-512-gf59ac788ac (webtiles) character file.

Game seed: 6715107303994382699

7914 quokkamancerX the Fighter (level 11, -8/85 HPs)
             Began as a Demonspawn Hunter on May 29, 2022.
             Was a Priest of Hepliaklqana.
             Mangled by an ice beast (13 damage)
             ... summoned by an ice statue
             ... in an ice cave.
             The game lasted 00:50:57 (12914 turns).

quokkamancerX the Fighter (Demonspawn Hunter)      Turns: 12914, Time: 00:50:59

Health: -8/85      AC: 14    Str: 12    XL:     11   Next: 3%
Magic:  15/15      EV: 16    Int: 10    God:    Hepliaklqana [***...]
Gold:   353        SH:  0    Dex: 21    Spells: 10/10 levels left

rFire   + + .      SeeInvis .   a - +1 shortbow
rCold   . . .      Faith    .   (shield currently unavailable)
rNeg    . . .      Spirit   .   y - +2 leather armour {rF+}
rPois   .          Reflect  .   q - +2 helmet
rElec   .          Harm     .   (cloak unavailable)
rCorr   +          Rampage  .   C - +1 pair of gloves
Will    .....                   (no boots)
Stlth   +++.......              (no amulet)
HPRegen 0.24/turn               m - ring of protection from fire
MPRegen 0.14/turn               I - +4 ring of evasion

@: no status effects
A: reduced essence, yellow scales 3, ignite blood 1, weakness stinger 3
a: Renounce Religion, Recall Ancestor, Ancestor Identity, Transference


You were in an ice cave.
You worshipped Hepliaklqana.
Hepliaklqana was most pleased with you.
You visited 2 branches of the dungeon, and saw 12 of its levels.
You also visited: Ossuary, Bailey and Ice Cave.

You collected 640 gold pieces.
You spent 287 gold pieces at shops.

Inventory:

Hand Weapons
 a - a +1 shortbow (weapon)
Missiles
 e - a throwing net
Armour
 q - a +2 helmet (worn)
 y - a +2 leather armour of fire resistance (worn)
 C - a +1 pair of gloves (worn)
Magical Staves
 t - a staff of cold
 L - a staff of poison
Jewellery
 b - a ring of ice
 m - a ring of protection from fire (left hand)
 I - a +4 ring of evasion (right hand)
 J - a ring of flight
 K - an amulet of magic regeneration
Wands
 E - a wand of iceblast (11)
 F - a wand of polymorph (4)
 G - a wand of charming (1)
 H - a wand of paralysis (2)
Scrolls
 c - 4 scrolls of immolation
 d - 4 scrolls of fear
 i - a scroll of identify
 n - 3 scrolls of poison
 o - 3 scrolls of blinking
 p - 2 scrolls of fog
 r - 12 scrolls of teleportation
 v - 3 scrolls of amnesia
 w - 2 scrolls of enchant weapon
 B - a scroll of brand weapon
Potions
 f - a potion of mutation
 g - 3 potions of flight
 h - 6 potions of curing
 j - 7 potions of lignification
 k - 3 potions of might
 l - a potion of attraction
 s - 5 potions of haste
 u - a potion of magic {unknown}
 x - 2 potions of resistance
 z - a potion of invisibility
 A - 7 potions of heal wounds
 D - 2 potions of ambrosia


   Skills:
 + Level 11.9 Fighting
 - Level 10.0 Bows
 - Level 1.7 Dodging
 - Level 6.0 Stealth
 + Level 5.5 Invocations


You had 10 spell levels left.
You didn't know any spells.
Your spell library contained the following spells:

 Spells                   Type           Power      Damage    Failure   Level
 Apportation              Tloc           0%         N/A       43%         1
 Static Discharge         Conj/Air       0%         N/A       58%         2
 Anguish                  Hex/Necr       0%         N/A       99%         4
 Dispel Undead            Necr           0%         3d6       99%         4
 Olgreb's Toxic Radiance  Pois           0%         N/A       99%         4
 Sticky Flame             Conj/Fire      0%         2d3       99%         4
 Alistair's Intoxication  Tmut/Pois      0%         N/A       100%        5
 Fireball                 Conj/Fire      0%         3d3       100%        5
 Starburst                Conj/Fire      0%         6d3       100%        6
 Enfeeble                 Hex            0%         N/A       100%        7
 Ozocubu's Refrigeration  Ice            0%         4d5       100%        7
 Ignition                 Fire           0%         3d3       100%        8


Dungeon Overview and Level Annotations

Branches:
Dungeon (11/15)            Temple (1/1) D:4         Ossuary (visited)
 Bailey (visited)           IceCv (1/1)
   Lair: D:8-11         Orc: D:9-12

Altars:
Ashenzari
Cheibriados
Dithmenos
Elyvilon
Fedhas
Gozag
Hepliaklqana
Kikubaaqudgha
Makhleb
Nemelex Xobeh
Okawaru
Qazlal
Ru
Sif Muna
Trog
Uskayaw
Vehumet
Wu Jian
Xom
Yredelemnul
Zin
The Shining One

Shops:
D:1 ?   D:4 *(*![   D:7 =   D:10 [

Annotations:
IceCv exclusion: ice statue


Innate Abilities, Weirdness & Mutations

Your life essence is reduced to manifest your ancestor. (-10% HP)
You are completely covered in yellow scales. (AC +4, rCorr)
Your demonic aura sometimes causes spilled blood to erupt in flames.
You have a sharp stinger which inflicts weakening toxins.


Message History

The arrow hits the ice statue but does no damage.
The ice statue is severely damaged.
Lydia is engulfed in freezing vapours.
Lydia completely misses the ice statue.
The ice statue gestures.
Shoot: a) +1 shortbow
Press: ? - help, Q - select action, (/) - cycle Shift-Dir - straight line, f/p - ice statue
Aim: an ice statue (freezing vapour, severely damaged, ally target, 95% to hit)
You shoot an arrow. The arrow closely misses the ice beast.
Lydia avoids your attack.
The arrow barely misses the ice statue.
Lydia is engulfed in freezing vapours.
Lydia is destroyed!
Shoot: a) +1 shortbow
Press: ? - help, Q - select action, (/) - cycle Shift-Dir - straight line, f/p - ice statue
Aim: an ice statue (freezing vapour, severely damaged, 95% to hit)
You shoot an arrow.
The arrow hits the ice statue but does no damage.
The ice statue is severely damaged.
The ice beast closely misses you.
Okay, then.
The ice beast attacks as you move away! The ice beast misses you.
The ice statue gestures at you.
The freezing blast engulfs the ice beast.
The ice beast completely resists.
The ice beast closely misses you. The ice statue gestures at you.
The freezing blast engulfs you! The ice beast attacks as you move away!
The ice beast hits you but does no damage.
You are engulfed in freezing vapours.
The ice statue gestures.
You are engulfed in freezing vapours.
* * * LOW HITPOINT WARNING * * *
The ice beast attacks as you move away! The ice beast hits you.
* * * LOW HITPOINT WARNING * * *
The ice beast freezes you.
* * * LOW HITPOINT WARNING * * *
The ice beast attacks as you move away! The ice beast hits you.
* * * LOW HITPOINT WARNING * * *
The ice beast freezes you!
You die...

##....###...##### ###..#
##...### #.### #8#....
#..### ### ###....... #.##
#......... ..# ###☼°.......
.## #○○.°°°..... #.# ###
###°..○...... ..## ###
###.#####YY#§☼§○..... #..##
##.####..#@Y#...####○......
###.###.#.#...#.#...###
##..... #....#....######.##
##... #..######## ### .#
#### #


You could see an ice beast (summoned).

Vanquished Creatures
  A two-headed ogre (D:9)
  Joseph (D:7)
  A rime drake (IceCv)
  An unseen horror (D:7)
  A steam dragon (D:8)
  A water moccasin (D:9)
  A sky beast (D:5)
  A black bear (D:5)
  An ice beast (D:6)
  7 orc warriors (Bailey)
  2 ogres (D:5)
  5 centaurs
  A kobold brigand (D:9)
  2 bullfrogs
  A gnoll sergeant (D:10)
  A scorpion (D:6)
  6 water moccasin zombies (Ossuary)
  4 killer bees (D:10)
  2 lindwurm simulacra (IceCv)
  3 howler monkeys
  2 jellies
  5 komodo dragon simulacra (IceCv)
  5 hounds
  2 gnoll shamans
  6 orc priests
  3 iguanas
  Jessica (D:2)
  6 orc wizards
  2 mummies (Ossuary)
  19 gnolls
  An acid dragon simulacrum (IceCv)
  3 adders
  9 white imps
  An ufetubus (D:5)
  A steam dragon simulacrum (IceCv)
  3 adder zombies (Ossuary)
  3 worms
  2 dart slugs
  22 orcs
  5 endoplasms
  4 giant cockroaches
  10 goblins
  10 hobgoblins
  3 jackals (D:4)
  4 quokkas
  4 ball pythons
  2 bats
  4 frilled lizards
  4 hobgoblin zombies (Ossuary)
  10 kobolds
  4 kobold zombies (Ossuary)
  10 orc zombies (Ossuary)
  2 rats (D:2)
215 creatures vanquished.

Vanquished Creatures (collateral kills)
  Pikel (D:7)
  A rime drake (IceCv)
  A kobold demonologist (D:9)
  An acid dragon (D:10)
  A water moccasin (D:5)
  6 orc warriors
  A kobold brigand (D:9)
  A bullfrog (D:6)
  2 killer bees (D:10)
  2 howler monkeys
  2 hounds
  A gnoll shaman (D:9)
  2 orc priests
  Crazy Yiuf (D:7)
  An iguana (D:5)
  2 orc wizards
  9 gnolls
  2 acid dragon simulacra (IceCv)
  A shadow imp (D:6)
  5 white imps
  A dart slug (D:5)
  13 orcs
  8 goblins
  7 hobgoblins
  3 kobolds (D:9)
75 creatures vanquished.

Vanquished Creatures (others)
  4 knights
  An ancestor (D:5)
5 creatures vanquished.

Grand Total: 295 creatures vanquished

Notes
Turn   | Place    | Note
-------+----------+-------------------------------------------
     0 | D:1      | quokkamancerX the Demonspawn Hunter began the quest for the
                  | Orb.
     0 | D:1      | Reached XP level 1. HP: 16/16 MP: 1/1
   106 | D:1      | Reached skill level 1 in Stealth
   400 | D:1      | Gained mutation: You have a small tail. [demonic ancestry]
   400 | D:1      | Reached XP level 2. HP: 22/22 MP: 2/2
   532 | D:1      | Found Penut's Magic Scroll Boutique.
   537 | D:1      | Bought a scroll of identify for 22 gold pieces
   537 | D:1      | Bought a scroll of identify for 22 gold pieces
  1073 | D:2      | Upgraded the game from 0.29-a0-506-ga2e7fffb44 to
                  | 0.29-a0-512-gf59ac788ac
  1197 | D:2      | Noticed Jessica
  1204 | D:2      | Killed Jessica
  1205 | D:2      | Gained mutation: You have a tail ending in a sharp stinger.
                  | [demonic ancestry]
  1205 | D:2      | Reached XP level 3. HP: 19/27 MP: 3/3
  1394 | D:2      | Found a faded altar of an unknown god.
  1681 | D:2      | Gained mutation: You are partially covered in yellow
                  | scales. (AC +2) [demonic ancestry]
  1681 | D:2      | Reached XP level 4. HP: 33/33 MP: 4/4
  2044 | D:3      | Reached XP level 5. HP: 10/38 MP: 5/5
  2062 | D:3      | HP: 1/38 [something/magic dart (8)]
  2223 | D:3      | Reached skill level 5 in Bows
  2617 | D:1      | Bought a scroll of blinking for 82 gold pieces
  2617 | D:1      | Bought a scroll of fog for 22 gold pieces
  2771 | D:4      | Reached XP level 6. HP: 44/44 MP: 6/6
  2846 | D:4      | Found Vuohi's Weapon Shop.
  2920 | D:4      | Found Bogh's Distillery.
  2929 | D:4      | Bought a potion of degeneration for 14 gold pieces
  2950 | D:4      | Found Desmarch's General Store.
  2973 | D:4      | Found a staircase to the Ecumenical Temple.
  2979 | D:4      | Found a sand-covered staircase.
  3001 | Ossuary  | Entered an ossuary
  3211 | Ossuary  | Reached skill level 5 in Stealth
  3334 | Ossuary  | Gained mutation: You are mostly covered in yellow scales.
                  | (AC +3) [demonic ancestry]
  3334 | Ossuary  | Reached XP level 7. HP: 8/50 MP: 7/7
  4117 | Temple   | Entered the Ecumenical Temple
  4339 | Temple   | Became a worshipper of Hepliaklqana the Forgotten
  4381 | D:4      | Found Syudid's Antique Armour Shop.
  4652 | D:4      | Bought a scroll of teleportation for 42 gold pieces
  4676 | D:4      | Found Qeysoud's Assorted Antiques.
  4935 | D:5      | Entered Level 5 of the Dungeon
  5648 | D:5      | Gained mutation: You have a sharp stinger which inflicts
                  | weakening toxins. [demonic ancestry]
  5648 | D:5      | Reached XP level 8. HP: 43/56 MP: 8/8
  6084 | D:5      | Reached * piety under Hepliaklqana
  6781 | D:4      | Bought a scroll labelled ESCHOA ZUASIE for 29 gold pieces
  7337 | D:6      | Identified the +1 pair of boots of Vampiric Thralls {Contam
                  | Harm Str+3}
  7886 | D:6      | Reached skill level 10 in Bows
  8016 | D:6      | Reached XP level 9. HP: 54/55 MP: 9/9
  8174 | D:4      | Bought a ruby potion for 26 gold pieces
  8198 | D:4      | Bought a scroll of identify for 28 gold pieces
  8334 | D:7      | Reached ** piety under Hepliaklqana
  8335 | D:7      | Remembered your ancestor Lydia as a knight
  8483 | D:7      | Noticed Joseph
  8494 | D:7      | Killed Joseph
  8495 | D:7      | Reached skill level 4 in Fighting
  8812 | D:7      | Killed an unseen horror
  8813 | D:7      | Reached skill level 5 in Fighting
  8917 | D:7      | Noticed Pikel
  8924 | D:7      | Killed Pikel
  8925 | D:7      | Reached skill level 7 in Fighting
  8953 | D:7      | Found Jieg's Jewellery Emporium.
  9225 | D:7      | Found a runed translucent door.
  9226 | D:7      | Noticed Crazy Yiuf
  9234 | D:7      | Killed Crazy Yiuf
  9287 | D:8      | Reached skill level 8 in Fighting
  9712 | D:8      | Found a burning altar of Makhleb.
  9824 | D:8      | Found a bloodstained altar of Trog.
 10165 | D:9      | Gained mutation: You are completely covered in yellow
                  | scales. (AC +4, rCorr) [demonic ancestry]
 10165 | D:9      | Reached XP level 10. HP: 73/73 MP: 10/10
 10271 | D:9      | Noticed a two-headed ogre
 10278 | D:9      | Killed a two-headed ogre
 10279 | D:9      | Reached skill level 9 in Fighting
 10700 | D:9      | Reached skill level 10 in Fighting
 10767 | D:10     | Entered Level 10 of the Dungeon
 10948 | D:10     | Reached *** piety under Hepliaklqana
 11040 | D:10     | Found a flagged portal.
 11055 | Bailey   | Entered a bailey
 11119 | Bailey   | Reached skill level 11 in Fighting
 11217 | Bailey   | Reached skill level 1 in Invocations
 11479 | Bailey   | Noticed an orc knight
 11479 | Bailey   | Noticed an orc warlord
 11849 | D:10     | Found Ibbiydo's Armour Emporium.
 12205 | D:11     | Found a frozen archway.
 12214 | IceCv    | Entered an ice cave
 12300 | IceCv    | Reached skill level 5 in Invocations
 12405 | IceCv    | Gained mutation: Your demonic aura sometimes causes spilled
                  | blood to erupt in flames. [demonic ancestry]
 12405 | IceCv    | Reached XP level 11. HP: 83/85 MP: 13/15
 12416 | IceCv    | HP: 3/85 [lindwurm simulacrum (16)]
 12914 | IceCv    | Mangled by an ice beast

Illustrated notes

Levels and vault maps discovered:
D:1:      evilmike_arrival_hilbert_curve, layout_basic, serial_shops, shop
D:2:      layout_loops_ring, shapermc_ecumenical_altar_ellora, uniq_jessica
D:3:      layout_rooms
D:4:      layout_loops_ring, minmay_temple_entry_statues_pillars, serial_shops,
          kennysheep_little_box, shop, nicolae_shop_stone, shop_fountains, shop,
          nicolae_ossuary_entry_false_entrances
D:5:      layout_basic, grunt_decor_cap, small_statue_intersection,
          cheibrodos_gnoll_hut
D:6:      layout_loops_ring, nicolae_fountain_basement
D:7:      layout_gridville, serial_shops, nicolae_lakefront_shop, uniq_joseph,
          uniq_pikel, uniq_crazy_yiuf_cottage
D:8:      layout_loops_cross, general_overflow_altar,
          amethyst_overflow_temple_binary
D:9:      layout_roguey
D:10:     layout_roguey, serial_shops,
          nicolae_shop_temple_entry_statues_fountains, enter_bailey_4,
          eino_tiny_chamber
D:11:     minmay_smoke_and_mirrors, layout_irregular_city, dpeg_oklobed_lair,
          portal_ice_cave_entry_imps, uniq_urug
Temple:   mainiacjoe_temple_bowtie_tessellation
IceCv:    ice_cave_small_dragons

Skill      XL: |  1  2  3  4  5  6  7  8  9 10 |
---------------+-------------------------------+-----
Stealth        | 1 2 3 4 5 6 |  6.0
Bows           | 4 5 6 7 10 | 10.0
Fighting       | 8 11 | 11.9
Invocations    | 5 |  5.5
Dodging        | |  1.7

Action                   |  1- 3 |  4- 6 |  7- 9 | 10-12 || total
-------------------------+-------+-------+-------+-------++-------
 Fire: Shortbow          |    70 |   185 |   400 |   304 ||   959
Invok: Recall Ancestor   |       |       |     3 |     3 ||     6
       Ancestor Identity |       |       |     1 |       ||     1
       Ancestor Life: Kn |       |       |     1 |       ||     1
       Transference      |       |       |       |     1 ||     1
  Use: Scroll            |     2 |     3 |    13 |     4 ||    22
       Potion            |       |     3 |     2 |     2 ||     7
Armor: Leather armour    |     7 |    57 |    77 |    22 ||   163
Dodge: Dodged            |    14 |    70 |   129 |    59 ||   272

Table legend: (Time is in decaauts)
 A = Elapsed time spent in this place.
 B = Non-inter-level travel time spent in this place.
 C = Inter-level travel time spent in this place.
 D = Time resting spent in this place.
 E = Time spent auto-exploring this place.
 F = Levels seen in this place.
 G = Mean time per level.
                   A        B        C        D        E       F      G
               +--------+--------+--------+--------+--------+-----+--------+
         Total |  13066 |  12210 |    856 |   3401 |   5301 |  15 |  871.1 |
       Dungeon |  10529 |   9714 |    815 |   2218 |   5109 |  11 |  957.2 |
        Temple |    247 |    206 |     41 |      0 |    187 |   1 |  247.0 |
       Ossuary |   1140 |   1140 |      0 |    632 |      0 |   1 | 1140.0 |
        Bailey |    446 |    446 |      0 |    102 |      5 |   1 |  446.0 |
      Ice Cave |    702 |    702 |      0 |    449 |      0 |   1 |  702.0 |
               +--------+--------+--------+--------+--------+-----+--------+

Top non-repeatable levels by time:
     D:5: 2254 daAuts
     D:4: 1277 daAuts
 Ossuary: 1140 daAuts
     D:1: 1134 daAuts
     D:6: 1102 daAuts
     D:2: 905 daAuts
     D:8: 819 daAuts
    D:10: 815 daAuts
     D:7: 741 daAuts
   IceCv: 702 daAuts
     D:3: 672 daAuts
     D:9: 618 daAuts
  Bailey: 446 daAuts
  Temple: 247 daAuts
    D:11: 187 daAuts
